 Dungeon Crawl Stone Soup version 0.27.1-34-g3ba077fa99 (webtiles) character file.

Game seed: 14444429316769134264

14 pkoi the Insei (level 2, -1/26 HPs)
             Began as a Draconian Monk on Jan 14, 2022.
             Slain by a kobold (2 damage)
             ... on level 1 of the Dungeon.
             The game lasted 00:00:34 (317 turns).

pkoi the Insei (Draconian Monk)                      Turns: 317, Time: 00:00:35

Health: -1/26      AC:  4    Str: 13    XL:     2   Next: 31%
Magic:  11/11      EV: 12    Int: 10    God:
Gold:   11         SH:  0    Dex: 13    Spells: 1/1 levels left

rFire    . . .     SeeInvis .     - Unarmed
rCold    . . .     Faith    .   (no shield)
rNeg     . . .     Spirit   .   (armour unavailable)
rPois    +         Reflect  .   (helmet restricted)
rElec    .         Harm     .   (no cloak)
rCorr    .         Rampage  .   (no gloves)
Will     .....                  (no boots)
Stlth    ++........             (no amulet)
HPRegen  0.08/turn              a - ring of poison resistance
MPRegen  0.12/turn              b - ring of magical power

@: no status effects
A: AC +4, unfitting armour, cold-blooded
a: no special abilities


You were on level 1 of the Dungeon.
You visited 1 branch of the dungeon, and saw 1 of its levels.

You collected 11 gold pieces.

Inventory:

Hand Weapons
 d - a +0 dagger
Jewellery
 a - a ring of poison resistance (left hand)
 b - a ring of magical power (right hand)
 c - an amulet of reflection


   Skills:
 - Level 3.2 Fighting
 - Level 2.6 Dodging
 - Level 1.7 Stealth
 + Level 3.8 Unarmed Combat


You had one spell level left.
You didn't know any spells.
Your spell library was empty.

Dungeon Overview and Level Annotations

Branches:
Dungeon (1/15)

Altars:


Innate Abilities, Weirdness & Mutations

Your plain brown scales are hard. (AC +4)
You cannot fit into any form of body armour.
You are cold-blooded and may be slowed by cold attacks.


Message History

You hear a shout!
The endoplasm barely misses you. The goblin completely misses you.
The endoplasm misses you.
You hit the endoplasm.
The endoplasm is severely wounded.
The goblin misses you. The endoplasm closely misses you.
The goblin closely misses you.
You hit the endoplasm.
You kill the endoplasm!
The goblin closely misses you.
You hit the kobold but do no damage.
You feel yourself speed up. The goblin hits you with a +0 club.
The kobold hits you with a +0 whip.
You hit the kobold.
The kobold is moderately wounded.
The goblin hits you but does no damage. The kobold barely misses you.
You closely miss the kobold.
You tail-slap the kobold, but do no damage.
The kobold is moderately wounded.
The goblin hits you with a +0 club.
* * * LOW HITPOINT WARNING * * *
The kobold hits you but does no damage.
You closely miss the kobold.
The kobold is moderately wounded.
The goblin barely misses you. The kobold hits you with a +0 whip.
* * * LOW HITPOINT WARNING * * *
You closely miss the kobold.
The kobold is moderately wounded.
The goblin hits you with a +0 club.
* * * LOW HITPOINT WARNING * * *
The kobold hits you with a +0 whip.
* * * LOW HITPOINT WARNING * * *
You hit the kobold but do no damage.
The kobold is moderately wounded.
The goblin barely misses you. The kobold hits you with a +0 whip.
* * * LOW HITPOINT WARNING * * *
You closely miss the kobold.
The kobold is moderately wounded.
The goblin closely misses you. The kobold hits you with a +0 whip.
You die...

#........... ...
#......###. ...
#.......... ...
##.....###. ... ##.#..#
#.## #.#..# ...
#######.#..###
#.##.#.####...†........).
.......gK@gg..(...#.####.
#.####.#####.####.....
... .$.# ###.### ###.
...... ... ## ####### ...
###


You could see 3 goblins and a kobold.

Vanquished Creatures
  3 endoplasms (D:1)
  A giant cockroach (D:1)
  A goblin (D:1)
  3 jackals (D:1)
  A kobold (D:1)
  2 ball pythons (D:1)
  A rat (D:1)
12 creatures vanquished.

Notes
Turn   | Place    | Note
-------+----------+-------------------------------------------
     0 | D:1      | pkoi the Draconian Monk began the quest for the Orb.
     0 | D:1      | Reached XP level 1. HP: 19/19 MP: 1/1
   199 | D:1      | Reached XP level 2. HP: 20/26 MP: 2/2
   316 | D:1      | HP: 1/26 [kobold (2)]
   317 | D:1      | Slain by a kobold

Illustrated notes

Levels and vault maps discovered:
D:1:      beargit_arrival_greenhouse, layout_loops_ring

Action                   || total
-------------------------++-------
Melee: Unarmed           ||    38
       Tailslap          ||     4
 Stab: Sleeping          ||     1
Armor: Skin              ||    13
Dodge: Dodged            ||    31
